 Dungeon Crawl Stone Soup version 0.16-a0-702-gf4f471d (webtiles) character file.

179 PolkaDot the Skirmisher (level 5, -3/46 HPs)
             Began as a Draconian Transmuter on Sept 20, 2014.
             Was an Initiate of Okawaru.
             Killed from afar by Sigmund (11 damage)
             ... with a wand of magic darts
             ... on Level 4 of the Dungeon.
             The game lasted 00:12:37 (3721 turns).

PolkaDot the Skirmisher (Draconian Transmuter)      Turns: 3721, Time: 00:12:37

HP  -3/46        AC  8     Str 12      XL: 5   Next: 33%
MP   9/9         EV 13     Int 13      God: Okawaru [......]
Gold 212         SH  0     Dex 13      Spells:  3 memorised,  2 levels left

rFire  . . .     SeeInvis .       - Unarmed
rCold  . . .     Clarity  .     (armour unavailable)
rNeg   . . .     rCorr    +     (no shield)
rPois  .         rRot     .     (helmet restricted)
rElec  .         Spirit   .     k - +1 cloak
SustAb .         Warding  .     (no gloves)
rMut   .         Stasis   .     u - +0 pair of boots
Gourm  .                        j - amulet of resist corrosion
MR     .....                    (no ring)
                                (no ring)

@: not resistant to hostile enchantments, very unstealthy
A: unfitting armour, cold-blooded, AC +5
a: Renounce Religion


You were on level 4 of the Dungeon.
You worshipped Okawaru.
Okawaru was noncommittal.
You were not hungry.

You visited 1 branch of the dungeon, and saw 4 of its levels.

You collected 212 gold pieces.

Inventory:

Missiles
 b - 60 arrows
 y - 6 javelins (quivered)
Armour
 k - a +1 cloak (worn)
 u - a +0 pair of boots (worn)
Magical devices
 m - a wand of teleportation (0)
Comestibles
 a - 3 bread rations
 i - 3 fruits
 l - a chunk of bat flesh
 r - 2 beef jerkies
 z - a meat ration
Scrolls
 c - 3 scrolls of immolation {unknown}
 f - a scroll of teleportation {unknown}
 g - a scroll of enchant weapon {unknown}
 h - a scroll of blinking {unknown}
Jewellery
 e - an uncursed ring of ice {unknown}
 j - an amulet of resist corrosion (around neck)
 t - an uncursed ring of magical power {unknown}
Potions
 n - a potion of haste {unknown}
 p - a potion of magic {unknown}
 q - a potion of poison {unknown}
 s - a potion of heal wounds {unknown}
 v - a potion of agility {unknown}
Books
 d - a book of Changes

   Spells                             Type                      Level
   *Beastly Appendage                 Transmutation                1
   *Sticks to Snakes                  Transmutation                2
   *Spider Form                       Transmutation/Poison         3
   Ice Form                           Ice/Transmutation            4
   Blade Hands                        Transmutation                5
 o - a book of Annihilations {highlevel, unknown}

   This book is beyond your current level of understanding.

   Spells                             Type                      Level
   Poison Arrow                       Conjuration/Poison           6
   Chain Lightning                    Conjuration/Air              8
   Lehudib's Crystal Spear            Conjuration/Earth            8
   Glaciate                           Conjuration/Ice              9
   Fire Storm                         Conjuration/Fire             9


   Skills:
 * Level 4.0 Fighting
 + Level 3.1 Dodging
 + Level 3.8 Unarmed Combat
 - Level 2.0 Spellcasting
 - Level 2.0 Transmutations


You had 2 spell levels left.
You knew the following spells:

 Your Spells              Type           Power        Failure   Level  Hunger
a - Beastly Appendage     Trmt           #.....       12%         1    ##.....
s - Sticks to Snakes      Trmt           #.........   17%         2    ###....
z - Spider Form           Trmt/Pois      #.........   52%         3    ####...


Dungeon Overview and Level Annotations

Branches:
Dungeon (4/15)
 Temple: D:4-7

Altars:
Elyvilon
Okawaru

Annotations:
D:4 Pikel, Prince Ribbit, Sigmund


Innate Abilities, Weirdness & Mutations

Your plain brown scales are hard (AC +5).
Your body does not fit into most forms of armour.
Your cold-blooded metabolism reacts poorly to cold.


Message History

Press: ? - help, Shift-Dir - straight line, f - you You feel strangely unstable.
The slave hits you but does no damage.
Your surroundings suddenly seem different.
You start resting.
You feel a little less mighty now.
The slave shouts!
A rat comes into view.
The rat moves out of view.
A kobold comes into view.
The kobold shouts!
The kobold throws a stone.
The stone hits you but does no damage.
You see here a stone.
The kobold throws a stone.
The stone barely misses you.
Sigmund the Dreaded comes into view.
He is wielding a runed scythe.
Sigmund shouts!
The kobold throws a stone.
The stone misses you.
Sigmund zaps a wand.
The magic dart hits you!
* * * LOW HITPOINT WARNING * * *
Sigmund zaps a wand.
The magic dart hits you!
You die...

######### .........
...@...... .# ..........
.# #........# ##.#
#.......(## ######..#
#....K/...######........
#......@..p.............
#.....####.r(..p......$##
.... ##.(.........#.# ..
#..Z####.....p.
#K...##p##....#
#..##.p.###..##
#......#.# #..#.
####......##....
##.....##....


You could see Sigmund, 2 slaves, a kobold, a rat and an iguana skeleton.

Vanquished Creatures
  A worker ant (D:3)
  3 adders
  A giant mite (D:3)
  6 worms
  A giant gecko (D:1)
  An ooze (D:3)
  5 orcs (D:3)
  10 goblins
  7 hobgoblins
  3 jackals (D:2)
  2 quokkas (D:3)
  14 bats
  3 giant cockroaches
  5 giant newts
  13 kobolds
  6 rats
81 creatures vanquished.

Vanquished Creatures (others)
  A bat (D:3)
  2 jackals (D:3)
3 creatures vanquished.

Grand Total: 84 creatures vanquished

Notes
Turn   | Place    | Note
--------------------------------------------------------------
     0 | D:1      | PolkaDot, the Draconian Transmuter, began the quest for the Orb.
     0 | D:1      | Reached XP level 1. HP: 16/16 MP: 3/3
   456 | D:1      | Reached XP level 2. HP: 24/24 MP: 4/4
  1336 | D:2      | Reached XP level 3. HP: 18/29 MP: 4/6
  1970 | D:2      | Reached XP level 4. HP: 24/37 MP: 5/7
  2639 | D:3      | Found an iron altar of Okawaru.
  2671 | D:3      | Became a worshipper of Warmaster Okawaru
  2925 | D:3      | Found a white marble altar of Elyvilon.
  3030 | D:3      | Reached XP level 5. HP: 5/46 MP: 9/9
  3290 | D:3      | Learned a level 2 spell: Sticks to Snakes
  3294 | D:3      | Learned a level 3 spell: Spider Form
  3395 | D:3      | Reached skill level 4 in Fighting
  3616 | D:4      | Noticed Pikel
  3616 | D:4      | Noticed a slave
  3616 | D:4      | Noticed a slave
  3616 | D:4      | Noticed a slave
  3616 | D:4      | Noticed a slave
  3639 | D:4      | Noticed Prince Ribbit
  3719 | D:4      | Noticed Sigmund
  3721 | D:4      | Killed from afar by Sigmund

Action                   |  1- 3 |  4- 6 || total
-------------------------+-------+-------++-------
Melee: Unarmed           |   159 |   209 ||   368
Throw: Javelin           |       |     8 ||     8
 Cast: Beastly Appendage |    21 |    19 ||    40
Evoke: Wand              |       |     3 ||     3
  Use: Potion            |       |     2 ||     2
 Stab: Sleeping          |     1 |       ||     1
  Eat: Chunk             |     4 |     6 ||    10
